 Dungeon Crawl Stone Soup version 0.28.0-43-g3370ac3207 (webtiles) character file.

Game seed: 5921982448842173951

69146 DasRunzen the Nimble (level 15, -6/113 HPs)
             Began as a Djinni Fire Elementalist on Mar 11, 2022.
             Was the Champion of Qazlal.
             Killed by an exploding orc high priest (16 damage)
             ... ignited by their inner flame
             ... on level 1 of the Orcish Mines.
             The game lasted 01:32:19 (19887 turns).

DasRunzen the Nimble (Djinni Fire Elementalist)    Turns: 19887, Time: 01:32:20

Health: -6/113     AC:  9    Str:  2    XL:     15   Next: 73%
Gold:   176        EV: 17    Int: 35    God:    Qazlal [******] SH:  8 Dex: 18

rFire   + + +      SeeInvis .   c - staff of air
rCold   . . .      Faith    .   (no shield)
rNeg    . . .      Spirit   .   E - +0 troll leather armour
rPois   ∞          Reflect  .   (no helmet)
rElec   +          Harm     .   i - +0 cloak
rCorr   .          Rampage  .   O - +0 pair of gloves
Will    +....                   (boots unavailable)
Stlth   +.........              T - amulet of Kindness {Regen+ Stlth+}
HPRegen 1.88/turn               x - ring "Wosebel" {rC+ MP+9 Str-5 Int+5 Dex+4}
MPRegen 0.00/turn               s - +6 ring of intelligence

@: protected from fire, flying, repel missiles
A: sickness immunity, fire resistance 2, cold vulnerability 1, float, innate
caster, HP casting, extra vitality 1
a: Renounce Religion, Upheaval, Elemental Force, Disaster Area


You were on level 1 of the Orcish Mines.
You worshipped Qazlal.
Qazlal was exalted by your worship.
You visited 4 branches of the dungeon, and saw 20 of its levels.
You also visited: Sewer and Volcano.

You collected 1608 gold pieces.
You spent 1432 gold pieces at shops.

Inventory:

Hand Weapons
 t - a +0 war axe of flaming
 y - a +2 rapier of holy wrath
Missiles
 z - a throwing net
Armour
 b - a +2 robe of fire resistance
 i - a +0 cloak (worn)
 E - a +0 troll leather armour (worn)
 H - an orb of mayhem
 O - a +0 pair of gloves (worn)
Magical Staves
 c - a staff of air (weapon)
 S - a staff of conjuration
Jewellery
 n - a +4 ring of protection
 s - a +6 ring of intelligence (right hand)
 x - the ring "Wosebel" (left hand) {rC+ MP+9 Str-5 Int+5 Dex+4}
   (You bought it in a shop on level 1 of the Orcish Mines)

   [ring of magical power]

   Str:       It affects your strength (-5).
   Int:       It affects your intelligence (+5).
   Dex:       It affects your dexterity (+4).
   rC:        It protects you from cold.
   MP:        It affects your magic capacity (+9).
 G - a ring of wizardry
 K - an amulet of reflection
 L - a +4 ring of protection
 Q - a ring of fire
 T - the amulet of Kindness (around neck) {Regen+ Stlth+}
   (You found it on level 6 of the Lair of Beasts)

   [amulet of regeneration]

   Regen:     It increases your rate of health regeneration.
   Stlth:     It makes you more stealthy.
 U - a ring of ice
Wands
 u - a wand of iceblast (3)
 B - a wand of polymorph (13)
 D - a wand of paralysis (12)
 F - a wand of flame (17)
 P - a wand of acid (10)
 R - a wand of digging (6)
Scrolls
 a - 9 scrolls of teleportation
 d - 2 scrolls of silence
 e - a scroll of holy word
 f - 4 scrolls of fog
 g - 4 scrolls of magic mapping {unknown}
 h - 2 scrolls of noise {unknown}
 l - 3 scrolls of immolation
 o - 2 scrolls of blinking {unknown}
 p - 3 scrolls of amnesia {unknown}
 w - 2 scrolls of enchant weapon {unknown}
 A - a scroll of brand weapon {unknown}
 I - a scroll of summoning {unknown}
 J - a scroll of torment {unknown}
 W - a scroll of acquirement
Potions
 j - 4 potions of brilliance
 k - a potion of resistance
 m - 4 potions of might
 q - 2 potions of mutation
 r - 2 potions of heal wounds
 v - 4 potions of curing
 C - 2 potions of cancellation
 N - a potion of haste


   Skills:
 + Level 12.6 Fighting
 + Level 12.6 Armour
 + Level 13.9 Dodging
 - Level 1.5 Stealth
 + Level 10.2 Spellcasting
 + Level 10.0 Invocations


You couldn't memorise any spells.
You knew the following spells:

 Your Spells              Type           Power      Damage    Failure   Level
a - Foxfire               Conj/Fire      100%       2x1d9     1%          1
b - Scorch                Fire           100%       2d10      1%          2
c - Conjure Flame         Conj/Fire      73%        6-21      1%          3
d - Inner Flame           Hex/Fire       73%        N/A       1%          3
e - Flame Wave            Conj/Fire      73%        2d13      1%          4
f - Animate Skeleton      Necr           100%       N/A       1%          1
g - Poisonous Vapours     Pois/Air       100%       N/A       1%          2
h - Swiftness             Air            93%        N/A       1%          3
i - Lesser Beckoning      Tloc           73%        N/A       1%          3
j - Lee's Rapid Deconstr  Erth           36%        3d19*     1%          5
k - Alistair's Intoxicat  Tmut/Pois      48%        N/A       1%          5
l - Death Channel         Necr           36%        N/A       10%         6
Your spell library was empty.

Dungeon Overview and Level Annotations

Branches:
Dungeon (11/15)            Temple (1/1) D:7            Lair (6/6) D:10
  Snake (0/4) Lair:4        Slime (0/5) Lair:6          Orc (2/2) D:10
    Elf (0/3) Orc:2         Sewer (visited)         Volcano (visited)
  Swamp: Lair:2-4    Shoals: Lair:2-4

Altars:
Ashenzari
Cheibriados
Dithmenos
Elyvilon
Fedhas
Gozag
Hepliaklqana
Kikubaaqudgha
Makhleb
Nemelex Xobeh
Okawaru
Qazlal
Ru
Sif Muna
Trog
Uskayaw
Vehumet
Wu Jian
Xom
Yredelemnul
Zin
The Shining One

Shops:
D:9 [   Orc:1 **:[=   Orc:2 [(?

Annotations:
D:5 2 transporters, vilexx's ghost, novice DsCj
D:9 1 runed translucent door


Innate Abilities, Weirdness & Mutations

You are immune to sickness and miasma.
You are immune to poison.
Your flesh is very heat resistant. (rF++)
You are vulnerable to cold. (rC-)
You float through the air rather than walking.
You learn spells naturally, not from books.
Your magical power is your life essence.
You have superior vitality. (+4 MHP)


Message History

You feel much better.
The orc knight hits you with a +0 battleaxe!
* * * LOW HITPOINT WARNING * * *
The orc high priest is struck by lightning.
The orc high priest prays to Beogh.
Really read the scroll of immolation?
As you read the scroll of immolation, it crumbles to dust.
The creatures around you are filled with an inner flame!
The orc knight misses you.
Casting: Scorch (safe; 1% risk of failure)
Confirm with . or Enter, or press ? or * to list all spells.
Flames lash the ogre.
Flame seeps out of the ogre.
The ogre is heavily wounded.
The ogre's fire resistance burns away.
* * * LOW HITPOINT WARNING * * *
The ogre is engulfed in blazing flames.
Qazlal accepts your kill.
The ogre explodes!
The fiery explosion engulfs the orc warrior!!
The orc warrior is severely wounded.
The fiery explosion engulfs the orc sorcerer!!!
Qazlal accepts your kill.
The orc sorcerer explodes!
The fiery explosion engulfs the orc high priest!
The orc high priest is burned terribly!
Flame seeps out of the orc high priest.
The orc high priest is heavily wounded.
The fiery explosion engulfs the orc knight!!
Qazlal accepts your kill.
The orc knight explodes!
The fiery explosion engulfs the orc high priest!!!
The orc high priest is burned terribly!
Qazlal accepts your kill.
The red devil disappears in a puff of smoke!
The fiery explosion engulfs you! You resist.
* * * LOW HITPOINT WARNING * * *
The orc high priest explodes!
The fiery explosion engulfs you! You resist.
Your resistance to physical damage fades away.
You feel protected from fire.
You die...

### ###.## ##.###....# ###
#...##...### ###.###
##.##......## #...#.####
#...........# ####....###.#
##.........## ##.#...#......
##>)...#§o§§# ##.....###..#.#
#....o..#○§☼###<#.....#......
#...o#.##§§○@#......^#...#...
#.....##.#§§§##...)....#....#.
####o..#...§.#...#.)..#....###
.........###.###.))))..####
#o##...#.## #####..#.)...##.
o......... #...#)...##..
#....##.... ##.#..)##.... ..
#... ####)#...... ##.......


You could see an orc warrior (strong).

Vanquished Creatures
  3 dire elephants (Lair:6)
  Snorg (Lair:3)
  A fire dragon (Volcano)
  6 hydras
  Fannar (Orc:1)
  A centaur warrior (Orc:2)
  A boulder beetle (Lair:5)
  A two-headed ogre (Orc:2)
  A catoblepas (Lair:5)
  An orc high priest (Orc:1)
  15 death yaks
  A hell hog (Volcano)
  Urug (D:10)
  A spectral death yak (Lair:6)
  A spectral anaconda (Lair:6)
  An obsidian statue (Lair:6)
  4 necromancers (Lair:6)
  An oklob plant (Lair:6)
  5 orc knights
  2 orc sorcerers
  An ugly thing (D:10)
  Maurice (Orc:2)
  4 black mambas
  32 elephants
  A torpor snail (Lair:6)
  Joseph (D:7)
  A dire elephant skeleton (Lair:6)
  13 cane toads
  Maggie (D:7)
  4 rime drakes
  A kobold demonologist (D:8)
  6 komodo dragons
  2 trolls (Orc:1)
  A hornet (D:10)
  13 blink frogs
  9 dream sheep
  The ghost of kthxbai the Insei, an amateur OpTm (D:4)
  A wyvern (Lair:2)
  2 wraiths (D:10)
  7 fire bats (Volcano)
  20 yaks
  4 basilisks
  2 steam dragons
  3 vampire mosquitoes (D:10)
  Menkaure (D:7)
  A death yak simulacrum (Lair:6)
  2 wargs
  A spectral cane toad (Lair:6)
  An acid dragon (D:9)
  2 hell hounds (Volcano)
  22 water moccasins
  34 orc warriors
  3 ice beasts
  3 black bears
  2 sky beasts
  8 ogres
  8 centaurs
  A necrophage (D:8)
  9 wolves
  A phantom (D:7)
  6 kobold brigands (D:8)
  14 bullfrogs
  2 scorpions (D:10)
  2 water moccasin skeletons
  2 elephant simulacra (Lair:6)
  2 howler monkeys (D:6)
  12 lava snakes (Volcano)
  2 centaur zombies
  A gnoll shaman (D:6)
  A bullfrog skeleton (D:7)
  A jelly (D:7)
  14 orc priests
  A hound (D:5)
  Terence (D:2)
  2 iguanas (D:6)
  13 orc wizards
  10 gnolls
  2 howler monkey skeletons
  10 adders
  7 river rats
  4 shadow imps
  A white imp (D:6)
  2 worms (Sewer)
  5 dart slugs
  57 orcs
  8 ball pythons
  10 endoplasms
  6 giant cockroaches
  8 hobgoblins
  7 jackals
  9 quokkas
  15 bats
  6 frilled lizards
  5 goblins
  35 kobolds
  9 kobold skeletons (D:8)
  9 kobold zombies (D:8)
  A quokka zombie (D:4)
  7 rats
  3 bushes
  4 foxfires
595 creatures vanquished.

Vanquished Creatures (collateral kills)
  26 foxfires
26 creatures vanquished.

Vanquished Creatures (others)
  1085 foxfires
  48 fungi
  63 plants
  21 withered plants (Lair:6)
1217 creatures vanquished.

Grand Total: 1838 creatures vanquished

Notes
Turn   | Place    | Note
-------+----------+-------------------------------------------
     0 | D:1      | DasRunzen the Djinni Fire Elementalist began the quest for
                  | the Orb.
     0 | D:1      | Reached XP level 1. HP: 15/15 MP: 0/0
    35 | D:1      | Reached XP level 2. HP: 7/22 MP: 0/0
   960 | D:1      | Reached skill level 1 in Fighting
  1244 | D:1      | Reached skill level 1 in Armour
  1244 | D:1      | Reached XP level 3. HP: 24/27 MP: 0/0
  1244 | D:1      | Learned a level 1 spell: Animate Skeleton
  1643 | D:1      | Found a faded altar of an unknown god.
  1952 | D:2      | Found an opulent altar of Gozag.
  1965 | D:2      | Reached XP level 4. HP: 30/32 MP: 0/0
  2114 | D:2      | Noticed Terence
  2136 | D:2      | Killed Terence
  2137 | D:2      | Reached skill level 3 in Dodging
  3023 | D:2      | Reached XP level 5. HP: 33/38 MP: 0/0
  3023 | D:2      | Learned a level 2 spell: Poisonous Vapours
  4902 | D:4      | Noticed an ice beast
  4913 | D:4      | Killed an ice beast
  4914 | D:4      | Reached XP level 6. HP: 27/45 MP: 0/0
  5314 | D:4      | Found a runed translucent door.
  5315 | D:4      | Noticed kthxbai's ghost (amateur OpTm)
  5510 | D:4      | Killed kthxbai's ghost
  5511 | D:4      | Reached skill level 4 in Dodging
  5511 | D:4      | Reached XP level 7. HP: 29/50 MP: 0/0
  5511 | D:4      | Learned a level 3 spell: Swiftness
  5659 | D:5      | Entered Level 5 of the Dungeon
  5674 | D:5      | Found a glowing drain.
  5698 | Sewer    | Entered a sewer
  7019 | D:5      | Found a transporter.
  7022 | D:5      | Noticed vilexx's ghost (novice DsCj)
  7139 | D:5      | Found a transporter.
  7278 | D:5      | Noticed a water moccasin
  7283 | D:5      | Killed a water moccasin
  7284 | D:5      | Reached skill level 5 in Dodging
  7284 | D:5      | Reached XP level 8. HP: 47/58 MP: 0/0
  7908 | D:6      | Reached skill level 6 in Dodging
  8183 | D:6      | Reached skill level 5 in Armour
  8187 | D:6      | Reached XP level 9. HP: 59/64 MP: 0/0
  8187 | D:6      | Learned a level 3 spell: Lesser Beckoning
  8197 | D:6      | Reached skill level 5 in Fighting
  8541 | D:6      | Found an iron altar of Okawaru.
  9002 | D:7      | Noticed Menkaure
  9004 | D:7      | Killed Menkaure
  9071 | D:7      | Reached skill level 5 in Spellcasting
  9186 | D:7      | Found a staircase to the Ecumenical Temple.
  9200 | Temple   | Entered the Ecumenical Temple
  9300 | Temple   | Became a worshipper of Qazlal Stormbringer
  9628 | D:7      | Noticed Maggie
  9638 | D:7      | Killed Maggie
  9639 | D:7      | Reached skill level 7 in Dodging
  9735 | D:7      | Noticed Joseph
  9745 | D:7      | Killed Joseph
  9892 | D:7      | Reached XP level 10. HP: 37/72 MP: 0/0
 10496 | D:7      | Found Wygapt's Distillery.
 10995 | D:8      | Reached * piety under Qazlal
 10998 | D:8      | Reached skill level 8 in Dodging
 11014 | D:8      | Noticed a kobold demonologist
 11028 | D:8      | Killed a kobold demonologist
 11068 | D:8      | Reached ** piety under Qazlal
 11381 | D:8      | You are sucked into a shaft and drop 3 floors!
 11385 | D:10     | Entered Level 10 of the Dungeon
 11473 | D:10     | Found a staircase to the Lair.
 11503 | D:10     | Reached XP level 11. HP: 69/80 MP: 0/0
 11503 | D:10     | Learned a level 5 spell: Lee's Rapid Deconstruction
 11612 | D:10     | Found a staircase to the Orcish Mines.
 11693 | D:10     | Reached skill level 9 in Dodging
 11696 | D:10     | Reached skill level 1 in Invocations
 11714 | D:10     | Noticed Urug
 11723 | D:10     | Killed Urug
 11832 | D:10     | Noticed a green ugly thing
 11840 | D:10     | Killed a green ugly thing
 12039 | D:9      | Found a runed translucent door.
 12041 | D:9      | Noticed a centaur warrior
 12228 | D:9      | Found a snail-covered altar of Cheibriados.
 12230 | D:9      | Found Cheibriados's Comfort Zone.
 12283 | D:9      | Found a white marble altar of Elyvilon.
 13283 | Lair:1   | Entered Level 1 of the Lair of Beasts
 13293 | Lair:1   | Noticed a four-headed hydra
 13302 | Lair:1   | Killed a four-headed hydra
 13368 | Lair:1   | Noticed a five-headed hydra
 13373 | Lair:1   | Killed a five-headed hydra
 13431 | Lair:1   | Reached skill level 10 in Dodging
 13431 | Lair:1   | Reached XP level 12. HP: 80/88 MP: 0/0
 13438 | Lair:1   | Reached *** piety under Qazlal
 14069 | Lair:2   | Reached skill level 5 in Invocations
 14117 | Lair:2   | Noticed a death yak
 14120 | Lair:2   | Noticed a death yak
 14121 | Lair:2   | Noticed a death yak
 14123 | Lair:2   | Killed a death yak
 14124 | Lair:2   | Noticed a death yak
 14126 | Lair:2   | Noticed a death yak
 14152 | Lair:2   | Killed a death yak
 14155 | Lair:2   | Killed a death yak
 14155 | Lair:2   | Killed a death yak
 14161 | Lair:2   | Killed a death yak
 14338 | Lair:2   | Noticed a four-headed hydra
 14340 | Lair:2   | Noticed a death yak
 14340 | Lair:2   | Noticed a death yak
 14348 | Lair:2   | Killed a four-headed hydra
 14349 | Lair:2   | Reached skill level 11 in Dodging
 14353 | Lair:2   | Noticed a death yak
 14354 | Lair:2   | Noticed a death yak
 14355 | Lair:2   | Noticed a death yak
 14355 | Lair:2   | Noticed a death yak
 14355 | Lair:2   | Killed a death yak
 14355 | Lair:2   | Killed a death yak
 14356 | Lair:2   | Reached skill level 10 in Fighting
 14356 | Lair:2   | Reached skill level 10 in Armour
 14356 | Lair:2   | Reached XP level 13. HP: 41/96 MP: 0/0
 14356 | Lair:2   | Learned a level 5 spell: Alistair's Intoxication
 14363 | Lair:2   | Reached **** piety under Qazlal
 14712 | Lair:3   | Noticed Snorg
 14724 | Lair:3   | Killed Snorg
 14934 | Lair:3   | You are sucked into a shaft and drop 2 floors!
 15010 | Lair:5   | Reached ***** piety under Qazlal
 15019 | Lair:5   | Reached skill level 12 in Dodging
 15031 | Lair:5   | Noticed a catoblepas
 15042 | Lair:5   | Killed a catoblepas
 15046 | Lair:5   | Noticed a six-headed hydra
 15053 | Lair:5   | Killed a six-headed hydra
 15192 | Lair:5   | Noticed a boulder beetle
 15198 | Lair:5   | Killed a boulder beetle
 15199 | Lair:5   | Reached XP level 14. HP: 94/105 MP: 0/0
 16062 | Lair:4   | Found a dark tunnel.
 16069 | Volcano  | Entered a volcano
 16490 | Volcano  | Found a bloodstained altar of Trog.
 16902 | Lair:4   | Found a staircase to the Snake Pit.
 17099 | Lair:6   | Entered Level 6 of the Lair of Beasts
 17204 | Lair:6   | Reached skill level 13 in Dodging
 17489 | Lair:6   | Reached XP level 15. HP: 69/112 MP: 0/0
 17489 | Lair:6   | Learned a level 6 spell: Death Channel
 17523 | Lair:6   | Found a staircase to the Slime Pits.
 17851 | Lair:6   | Reached ****** piety under Qazlal
 18477 | Lair:6   | Identified the amulet of Kindness {Regen+ Stlth+}
 18640 | Orc:1    | Entered Level 1 of the Orcish Mines
 18662 | Orc:1    | Reached skill level 10 in Spellcasting
 18748 | Orc:1    | Found Sugu's Antique Armour Boutique.
 18780 | Orc:1    | Found Dedoq's Jewellery Shoppe.
 18790 | Orc:1    | Bought the ring "Wosebel" {rC+ MP+9 Str-5 Int+5 Dex+4} for
                  | 678 gold pieces
 18800 | Orc:1    | You are sucked into a shaft and drop 1 floor!
 18800 | Orc:2    | Entered Level 2 of the Orcish Mines
 18886 | Orc:2    | Paralysed by an orc sorcerer for 3 turns
 18940 | Orc:2    | Noticed Maurice
 18944 | Orc:2    | Killed Maurice
 19042 | Orc:1    | Noticed Fannar
 19042 | Orc:1    | Found Mezi's Book Shoppe.
 19049 | Orc:1    | Killed Fannar
 19076 | Orc:1    | Found Ulimoh's Assorted Antiques.
 19232 | Orc:1    | Found Yceadots's General Store.
 19427 | Orc:2    | Reached skill level 10 in Invocations
 19437 | Orc:2    | Found Nuallaif's Weapon Shoppe.
 19437 | Orc:2    | Found Tavehyul's Magic Scroll Boutique.
 19465 | Orc:2    | Found Yvvim's Armour Emporium.
 19466 | Orc:2    | Found Ejoevug's General Store.
 19473 | Orc:2    | Bought a scroll of identify for 26 gold pieces
 19473 | Orc:2    | Bought a scroll of identify for 26 gold pieces
 19473 | Orc:2    | Bought a scroll of identify for 26 gold pieces
 19473 | Orc:2    | Bought a scroll of acquirement for 676 gold pieces
 19789 | Orc:2    | Found a staircase to the Elven Halls.
 19887 | Orc:1    | Killed by an exploding orc high priest... ignited by their
                  | inner flame

Illustrated notes

Levels and vault maps discovered:
D:1:      minmay_arrival_open_corners, layout_basic,
          shapermc_ecumenical_altar_petra, hangedman_decor_opposing
D:2:      layout_rooms, basic_altar, serial_bayou, serial_bayou_shore_a,
          serial_bayou_pond_b, serial_bayou_lagoon_b, serial_bayou_pond_d,
          st_stairs_9, minmay_tetromino_t2, uniq_terence
D:3:      kennysheep_big_flooded_room, layout_loops_ring,
          uniq_crazy_yiuf_cottage
D:4:      layout_rooms, ebering_ghost_inner_flame,
          chequers_serial_rivers_large_b
D:5:      layout_loops_ring, portal_sewer_entry_c, gammafunk_ghost_stat_death
D:6:      layout_loops_ring, kennysheep_okawaru_gauntlet,
          amcnicky_mini_rare_corridor_liquid
D:7:      layout_basic, minmay_temple_entry_ruins, serial_shops,
          nicolae_shop_behind_doors, uniq_menkaure, uniq_maggie, uniq_joseph
D:8:      wander_kiku_kobolds, layout_loops_ring, minmay_misc_feat_more_columns
D:9:      layout_irregular_city, mainiacjoe_overflow_alcove_2, grunt_ogre_cave,
          minmay_curled_crystal, dk_noncrumbling_2, minmay_st_funbox,
          minmay_misc_feat_roman, minmay_shop_chei
D:10:     layout_small_grid, due_lair_maze_entry_diamond, orc_0_dummy, uniq_urug
D:11:     layout_irregular_city, serial_shops, shop, grunt_gozag_statues
Temple:   mainiacjoe_temple_cubbyholes
Lair:1:   layout_big_grid, chequers_serial_rivers_small_3, st_stairs_11,
          minivault_25, grunt_megastairs_5
Lair:2:   layout_gridlike
Lair:3:   layout_misc_corridors, elwin_shoals_entry_rooms, grunt_megastairs_1,
          serial_bayou_shore_b, uniq_sonja, uniq_snorg
Lair:4:   beast_lair_carwin_large_1, layout_loops_ring, dummy_snake_entry,
          enter_volcano_2
Lair:5:   layout_cave_pods, infiniplex_staircase_pool
Lair:6:   due_jungle_book, layout_loops_ring, slime_dummy, serial_rivers,
          chequers_serial_rivers_micro_d, chequers_serial_rivers_small_3,
          chequers_serial_rivers_small_a, chequers_serial_rivers_small_a,
          chequers_serial_rivers_micro_d, chequers_serial_rivers_micro_e
Orc:1:    layout_diamond_mine, serial_shops, shop_fountains, shop_statue,
          nicolae_shop_trees, shop, nicolae_shop_stone, bh_open_orc_temple,
          uniq_fannar
Orc:2:    st_orc_rangers, layout_diamond_mine, minmay_orc_temple_c, uniq_maurice

Skill      XL: |  1  2  3  4  5  6  7  8  9 10 11 12 13 14 15 |
---------------+----------------------------------------------+-----
Fighting       | 1 2 3 4 6 7 8 10 11 12 | 12.6
Armour         | 1 2 3 5 6 7 8 10 11 12 | 12.6
Dodging        | 3 4 5 6 7 8 10 11 12 13 | 13.9
Spellcasting   | 3 4 5 6 7 8 9 10 | 10.2
Invocations    | 3 6 7 9 10 | 10.0
Stealth        | |  1.5

Action                   |  1- 3 |  4- 6 |  7- 9 | 10-12 | 13-15 || total
-------------------------+-------+-------+-------+-------+-------++-------
Melee: Staff             |       |       |       |    36 |    99 ||   135
 Cast: Foxfire           |    86 |   149 |   201 |   148 |    87 ||   671
       Scorch            |       |    28 |    75 |   119 |   144 ||   366
       Poisonous Vapours |       |       |     5 |    41 |   166 ||   212
       Inner Flame       |       |       |     2 |    56 |   173 ||   231
       Lee's Rapid Decon |       |       |       |     3 |     5 ||     8
       Animate Skeleton  |       |       |       |     1 |     1 ||     2
       Death Channel     |       |       |       |       |     1 ||     1
Evoke: Wand              |       |       |       |       |    19 ||    19
  Use: Scroll            |     1 |       |     3 |     6 |     7 ||    17
       Potion            |       |       |       |       |     1 ||     1
Armor: Robe              |       |     6 |    13 |     9 |       ||    28
       Troll leather arm |       |       |       |    24 |   138 ||   162
Dodge: Dodged            |     5 |    14 |    40 |   117 |   312 ||   488
       Repelled          |       |       |       |       |    16 ||    16
Block: Other             |       |       |       |    13 |   178 ||   191
